[Event "Wednesday Night Engine Tour 11 Rd Swiss 5m+1s Starts at 2200hrs ST"]
[Site "Infinity Chess"]
[Date "2018.4.5"]
[Round "9"]
[White "OlivierEvan"]
[Black "MrScience"]
[Result "1/2-1/2 "]
[ECO "A04"]
[WhiteElo "2464"]
[BlackElo "2473"]
[WhiteEngine "Houdini 6"]
[BlackEngine "cfish"]
[EventType "Swiss"]
[WhiteTeam ""]
[BlackTeam ""]
[PlyCount "173"]
[TimeControl "300+1"]

1. Nf3 c5 2. b3 d5 3. Bb2 f6 4. Nc3 Nc6 5. d4 cxd4 6. Nxd4 e5 7. Nxc6 bxc6 
8. e4 Qa5 9. Qd2 Be6 10. O-O-O d4 11. Na4 Bb4 12. c3 dxc3 13. Bxc3 Bxc3 
14. Qxc3 Qxc3+ 15. Nxc3 Ke7 16. Ba6 Nh6 17. Na4 Rad8 18. Nc5 Nf7 19. Rd2 Rxd2 
20. Kxd2 Nd6 21. Rc1 Rb8 22. Ke3 Bd7 23. g3 g5 24. Be2 Rg8 25. Rh1 Be8 26. h4 g4 
27. Rc1 h5 28. Na6 Kd7 29. Rc5 Bg6 30. Bd3 Bf7 31. Ra5 Nb7 32. Ra3 Ra8 
33. b4 Ke7 34. Ra4 Bg8 35. f3 gxf3 36. Kxf3 Be6 37. Nc7 Bg4+ 38. Ke3 Rc8 
39. Na6 Kd6 40. Ra3 Rg8 41. Bc2 Rc8 42. Kd2 Rg8 43. Rc3 Rc8 44. Nc5 Nxc5 
45. bxc5+ Kc7 46. Ra3 Ra8 47. Ra5 Rd8+ 48. Ke3 Kb7 49. Ra3 Rd4 50. Ra4 Rxa4 
51. Bxa4 Kc7 52. Bb3 Kd7 53. Bc4 Ke7 54. Ba6 Kd7 55. a4 Kc7 56. a5 Kd8 
57. Kf2 Kd7 58. Bd3 Be6 59. Kf1 Ke7 60. Bc2 Bg4 61. Bb1 Be6 62. Ke2 Bc4+ 
63. Ke1 Kd7 64. Kf2 Bb3 65. Kg1 Bc4 66. Bc2 Be6 67. Kf2 Bh3 68. Bb3 Bg4 
69. Ke3 Be6 70. Bd1 Bg4 71. Bc2 Ke7 72. Bb1 Kd7 73. Kf2 Kc7 74. Bd3 Kd7 
75. Ba6 Ke6 76. Ke3 Kd7 77. Kd2 Bf3 78. Bd3 Ke6 79. Bc4+ Ke7 80. Kd3 Kd7 
81. Bg8 Bg4 82. a6 Be6 83. Bh7 Bg4 84. Bg6 Ke7 85. Ke3 Kf8 86. Kd2 Ke7 87. Kd3 
1/2-1/2

[Event "Wednesday Night Engine Tour 11 Rd Swiss 5m+1s Starts at 2200hrs ST"]
[Site "Infinity Chess"]
[Date "2018.4.5"]
[Round "9"]
[White "KULLANI"]
[Black "Deep_Impact"]
[Result "1/2-1/2"]
[ECO "E10"]
[WhiteElo "2433"]
[BlackElo "2521"]
[WhiteEngine "BrainFish_180329_x64"]
[BlackEngine "kt-2016.00b"]
[EventType "Swiss"]
[WhiteTeam ""]
[BlackTeam ""]
[PlyCount "131"]
[TimeControl "300+1"]

1. d4 Nf6 2. c4 e6 3. Nf3 d5 4. Nc3 c6 5. Bg5 h6 6. Bxf6 Qxf6 7. e3 Nd7 
8. Bd3 dxc4 9. Bxc4 g6 10. O-O Bg7 11. e4 e5 12. d5 Nb6 13. Nd2 O-O 14. Bb3 h5 
15. h3 Qe7 16. Re1 Rd8 17. Re3 Bh6 18. Rd3 cxd5 19. exd5 Kh8 20. d6 Rxd6 
21. Rxd6 Qxd6 22. Nde4 Qe7 23. Qd6 Qxd6 24. Nxd6 f5 25. Nf7+ Kh7 26. Nxe5 Bg7 
27. Re1 Bd7 28. f4 Bc6 29. Nxc6 bxc6 30. Re6 c5 31. g4 hxg4 32. hxg4 fxg4 
33. Bc2 Bxc3 34. bxc3 Rd8 35. Bxg6+ Kg7 36. Kf2 Nd5 37. Kg3 Nxc3 38. Kxg4 Rd2 
39. Kg5 Rg2+ 40. Kf5 Nd5 41. Bh5 Rf2 42. Ra6 Nxf4 43. Rxa7+ Kf8 44. Rf7+ Ke8 
45. Kg4 Rxa2 46. Rxf4+ Ke7 47. Kf3 Ra3+ 48. Ke2 Kd6 49. Rf5 Ra1 50. Bf3 Ra7 
51. Rh5 Re7+ 52. Kd3 Rf7 53. Be4 Re7 54. Rh6+ Re6 55. Rh1 Re7 56. Rd1 Ra7 
57. Kc4+ Ke5 58. Bc6 Ra2 59. Bd5 Kd6 60. Bh1+ Ke5 61. Kxc5 Rb2 62. Bd5 Rc2+ 
63. Bc4 Kf5 64. Re1 Rb2 65. Kd4 Rd2+ 66. Kc3 1/2-1/2

[Event "Wednesday Night Engine Tour 11 Rd Swiss 5m+1s Starts at 2200hrs ST"]
[Site "Infinity Chess"]
[Date "2018.4.5"]
[Round "9"]
[White "star99"]
[Black "MCDermont"]
[Result "1/2-1/2"]
[ECO "C12"]
[WhiteElo "2476"]
[BlackElo "2542"]
[WhiteEngine "Cryptic Heroes 9.3B"]
[BlackEngine "BrainFish 010418 WM_CTG"]
[EventType "Swiss"]
[WhiteTeam ""]
[BlackTeam ""]
[PlyCount "111"]
[TimeControl "300+1"]

1. e4 e6 2. d4 d5 3. Nc3 Nf6 4. Bg5 Bb4 5. exd5 Qxd5 6. Nf3 Ne4 7. Bd2 Bxc3 
8. Bxc3 Nxc3 9. bxc3 b6 10. Bd3 Bb7 11. O-O Nd7 12. Re1 Qd6 13. Re3 Rd8 
14. a4 a5 15. Nd2 Qf4 16. g3 Qh6 17. Be4 Bxe4 18. Rxe4 O-O 19. Nf3 c5 
20. Qe2 Qf6 21. Re3 Rc8 22. Ne5 cxd4 23. Nxd7 Qe7 24. Nxf8 dxe3 25. Qxe3 Kxf8 
26. Qxb6 Qc5 27. Qxc5+ Rxc5 28. Ra3 Ke7 29. Kf1 Kf6 30. h4 h6 31. Ke2 g5 
32. hxg5+ hxg5 33. Rb3 Rc4 34. Kd3 Rxa4 35. c4 g4 36. Rb7 e5 37. c3 e4+ 
38. Kd4 Ra2 39. c5 Ke6 40. c6 Kd6 41. Rxf7 Kxc6 42. Rf6+ Kb7 43. Kxe4 a4 
44. Kd3 Rb2 45. Rf4 a3 46. Rxg4 Rxf2 47. Rb4+ Kc6 48. Ra4 a2 49. Kc4 Rg2 
50. Ra6+ Kc7 51. Ra7+ Kb6 52. Ra8 a1=Q 53. Rxa1 Rxg3 54. Rd1 Rg6 55. Rd8 Kc7 
56. Rd4 1/2-1/2

[Event "Wednesday Night Engine Tour 11 Rd Swiss 5m+1s Starts at 2200hrs ST"]
[Site "Infinity Chess"]
[Date "2018.4.5"]
[Round "9"]
[White "MarioDeMonti"]
[Black "klasman"]
[Result "1/2-1/2"]
[ECO "D11"]
[WhiteElo "2534"]
[BlackElo "2456"]
[WhiteEngine "stockfish_x64_bmi2_2018_02_18_CTG"]
[BlackEngine "SugaR.XPrO.1.4.64.POCNT"]
[EventType "Swiss"]
[WhiteTeam ""]
[BlackTeam ""]
[PlyCount "139"]
[TimeControl "300+1"]

1. d4 d5 2. c4 c6 3. Nf3 Nf6 4. e3 e6 5. Nc3 Nbd7 6. Qc2 Bd6 7. Bd3 O-O 
8. O-O dxc4 9. Bxc4 b5 10. Be2 Bb7 11. Rd1 Qc7 12. e4 e5 13. g3 Rfe8 
14. dxe5 Nxe5 15. Bg5 Neg4 16. a3 Bc5 17. Bxf6 Bxf2+ 18. Kh1 gxf6 19. Nxb5 Qe7 
20. Nd6 Bb6 21. Nh4 Nf2+ 22. Kg2 Bc8 23. Nxc8 Raxc8 24. Nf5 Qxe4+ 25. Qxe4 Rxe4 
26. Rd2 Re5 27. Nh4 Rce8 28. Bf3 Ne4 29. Rc2 c5 30. Bxe4 Rxe4 31. Rf1 R8e6 
32. Nf5 c4 33. Kh3 Kf8 34. Rd1 R4e5 35. Nd6 Rh5+ 36. Kg2 c3 37. b4 Kg7 
38. h4 Bc7 39. Nc4 f5 40. Rxc3 f4 41. Rd7 Rc6 42. Kh3 Rf5 43. Rdd3 Rff6 
44. g4 Rfe6 45. Kg2 Re2+ 46. Kf3 Rh2 47. Ne3 Rxc3 48. Rxc3 Rh3+ 49. Kg2 Rxe3 
50. Rxc7 Rxa3 51. Kf2 Kg6 52. Rc6+ f6 53. Rc5 Rg3 54. Ra5 Rxg4 55. h5+ Kh6 
56. Rxa7 f3 57. Rb7 Rc4 58. b5 Kxh5 59. Rxh7+ Kg4 60. Rg7+ Kf4 61. b6 Rc2+ 
62. Kf1 Rb2 63. b7 Ke5 64. b8=Q+ Rxb8 65. Kf2 Kf4 66. Rf7 Rb2+ 67. Kg1 Rb1+ 
68. Kf2 Rb2+ 69. Kg1 Ke5 70. Re7+ 1/2-1/2

[Event "Wednesday Night Engine Tour 11 Rd Swiss 5m+1s Starts at 2200hrs ST"]
[Site "Infinity Chess"]
[Date "2018.4.5"]
[Round "9"]
[White "SkyPilot"]
[Black "RonWeasley"]
[Result "1-0"]
[ECO "C02"]
[WhiteElo "2511"]
[BlackElo "2537"]
[WhiteEngine "stockfish_x64_bmi2_2018_03_30_CTG"]
[BlackEngine "BrainFish 010418 WM_CTG"]
[EventType "Swiss"]
[WhiteTeam ""]
[BlackTeam ""]
[PlyCount "155"]
[TimeControl "300+1"]

1. e4 e6 2. d4 d5 3. e5 c5 4. c3 Nc6 5. Nf3 Qb6 6. a3 f6 7. Bd3 fxe5 
8. dxe5 Nge7 9. c4 dxc4 10. Bxc4 Nf5 11. Nc3 Be7 12. O-O O-O 13. Re1 Qd8 
14. Ba2 b6 15. Bd2 Nh4 16. Nxh4 Bxh4 17. Ne4 Qd4 18. Re3 Nxe5 19. Be1 Ba6 
20. Ng3 Qxd1 21. Rxd1 Bf6 22. Bxe6+ Nf7 23. Nf5 Kh8 24. b4 g6 25. Ng3 Bd4 
26. Ne4 Rae8 27. Bxf7 Rxf7 28. Nd6 Bxe3 29. Nxf7+ Kg8 30. Nd6 Rf8 31. Ne4 Bb5 
32. bxc5 Bxc5 33. Nxc5 bxc5 34. Rd5 Rf5 35. Rxf5 gxf5 36. f3 Kf7 37. Bf2 c4 
38. Bxa7 c3 39. Kf2 Ke6 40. Bd4 c2 41. Bb2 Kd5 42. Kg3 Bf1 43. f4 Kc4 
44. Kf3 Kb3 45. Bc1 h5 46. Kf2 Bc4 47. Kg3 Bf1 48. Kh4 Bxg2 49. Kxh5 Bh3 
50. Kh4 Bg2 51. Kg5 Bh3 52. Kf6 Kc3 53. Ke6 Kd4 54. Kd6 Kc4 55. Kc6 Bg2+ 
56. Kb6 Kb3 57. h4 Bf3 58. Kc5 Ka2 59. a4 Kb1 60. Bd2 c1=Q+ 61. Bxc1 Bh5 
62. a5 Kxc1 63. a6 Kd1 64. a7 Bf3 65. h5 Bxh5 66. a8=Q Ke2 67. Kd4 Kf2 
68. Qh8 Be2 69. Qh2+ Kf3 70. Qh3+ Kxf4 71. Qe3+ Kg4 72. Qxe2+ Kg3 73. Qe5+ f4 
74. Ke4 Kf2 75. Kxf4 Kg2 76. Qe2+ Kg1 77. Kg3 Kh1 78. Qd1# 1-0

[Event "Wednesday Night Engine Tour 11 Rd Swiss 5m+1s Starts at 2200hrs ST"]
[Site "Infinity Chess"]
[Date "2018.4.5"]
[Round "9"]
[White "ocirema"]
[Black "KRAKEN"]
[Result "0-1"]
[ECO "C50"]
[WhiteElo "2482"]
[BlackElo "2560"]
[WhiteEngine "asmFishW_2018-04-01_popcnt_CTG"]
[BlackEngine "Raubfisch X38_CTG"]
[EventType "Swiss"]
[WhiteTeam ""]
[BlackTeam ""]
[PlyCount "130"]
[TimeControl "300+1"]

1. e4 e5 2. Nf3 Nc6 3. Bc4 Bc5 4. O-O Nf6 5. d3 d6 6. c3 O-O 7. Bg5 h6 8. Bh4 a6 
9. a4 g5 10. Bg3 g4 11. Bh4 gxf3 12. Qxf3 Kg7 13. Nd2 Be6 14. b4 Ba7 15. Bd5 Nb8 
16. Bxb7 Nbd7 17. Kh1 Rg8 18. Qe2 Rb8 19. Bxa6 Kh7 20. f4 Rg4 21. fxe5 Rxh4 
22. exf6 Nxf6 23. d4 Nh5 24. Qe1 Qe7 25. Nf3 Rg4 26. Rf2 Rbg8 27. Bf1 Qf8 
28. a5 Qg7 29. Qe3 Kh8 30. b5 Nf6 31. e5 dxe5 32. Nxe5 Rh4 33. Re1 Nd5 
34. Qd3 Nf4 35. Rxf4 Rxf4 36. g3 Rf2 37. Kg1 Qf6 38. Qe3 Rb2 39. Nc6 Ra8 
40. Nxa7 Rxa7 41. a6 Kg7 42. Be2 c6 43. Qc1 Ra2 44. Qf4 Qxf4 45. gxf4 cxb5 
46. Bxb5 Bc8 47. Re2 Rxe2 48. Bxe2 Bxa6 49. c4 Rc7 50. Kf2 Rxc4 51. Bg4 Rxd4 
52. Kf3 Kg6 53. Kg2 Rxf4 54. Bd1 Rd4 55. Bc2+ Bd3 56. Bb3 Be4+ 57. Kg3 Kf5 
58. Ba2 Rd2 59. Bxf7 Rg2+ 60. Kh4 Rxh2+ 61. Kg3 Rg2+ 62. Kh3 Kf4 63. Bh5 Rg1 
64. Bf3 Bxf3 65. Kh4 Rh1# 0-1

[Event "Wednesday Night Engine Tour 11 Rd Swiss 5m+1s Starts at 2200hrs ST"]
[Site "Infinity Chess"]
[Date "2018.4.5"]
[Round "9"]
[White "THE_MACHINE"]
[Black "Murx"]
[Result "1/2-1/2"]
[ECO "C50"]
[WhiteElo "2588"]
[BlackElo "2511"]
[WhiteEngine "BrainFish_180401_x64_bmi2"]
[BlackEngine "BrainFish_180329_x64_modern"]
[EventType "Swiss"]
[WhiteTeam ""]
[BlackTeam ""]
[PlyCount "141"]
[TimeControl "300+1"]

1. e4 e5 2. Nf3 Nc6 3. Bc4 Bc5 4. O-O Nf6 5. d3 d6 6. c3 a5 7. Nbd2 O-O 
8. Re1 Ba7 9. Nf1 Be6 10. Bb5 Ne7 11. d4 exd4 12. Nxd4 Ng6 13. Ba4 h6 
14. Nxe6 fxe6 15. Be3 Bxe3 16. Nxe3 Kh8 17. f3 Nh5 18. g3 b5 19. Bc2 Qg5 
20. Ng4 Rad8 21. Qc1 Nf6 22. Qxg5 hxg5 23. Nf2 Ne5 24. Bd1 a4 25. Nh3 g4 
26. fxg4 Nd3 27. Rf1 Nxb2 28. Bf3 Nd3 29. Rab1 Rb8 30. Nf4 Nxf4 31. gxf4 Nd7 
32. Bg2 Nc5 33. h4 c6 34. Rbd1 Rbd8 35. f5 exf5 36. exf5 d5 37. Rde1 Rfe8 
38. Rxe8+ Rxe8 39. f6 Nd7 40. g5 gxf6 41. Bh3 Rd8 42. Bxd7 Rxd7 43. Rxf6 d4 
44. cxd4 Rxd4 45. Rxc6 Rxh4 46. Rb6 b4 47. Kf2 a3 48. Kf3 Kg7 49. Kg3 Re4 
50. Kf3 b3 51. Rxb3 Re5 52. Kf4 Ra5 53. g6 Ra4+ 54. Ke5 Kxg6 55. Rc3 Ra7 
56. Rg3+ Kh7 57. Kd6 Ra4 58. Kc5 Kh6 59. Kb5 Rf4 60. Rg1 Rf3 61. Rh1+ Kg5 
62. Ra1 Kh4 63. Rb1 Rd3 64. Kb4 Kg5 65. Rf1 Rg3 66. Rc1 Rh3 67. Kb5 Rh2 
68. Rc5+ Kf4 69. Rc1 Rxa2 70. Ka4 Rb2 71. Kxa3 1/2-1/2

[Event "Wednesday Night Engine Tour 11 Rd Swiss 5m+1s Starts at 2200hrs ST"]
[Site "Infinity Chess"]
[Date "2018.4.5"]
[Round "9"]
[White "Seliga"]
[Black "KillBill2017"]
[Result "1/2-1/2"]
[ECO "C50"]
[WhiteElo "2542"]
[BlackElo "2518"]
[WhiteEngine "SF9 ''M24''_CTG"]
[BlackEngine "Raubfisch ME262_GTZ17_CTG"]
[EventType "Swiss"]
[WhiteTeam ""]
[BlackTeam ""]
[PlyCount "73"]
[TimeControl "300+1"]

1. e4 e5 2. Nf3 Nc6 3. Bc4 Bc5 4. d3 Nf6 5. c3 d6 6. O-O a5 7. Re1 O-O 
8. Nbd2 h6 9. h3 Be6 10. Bxe6 fxe6 11. Nf1 Nh5 12. a4 Qe8 13. Be3 Bxe3 
14. fxe3 b6 15. Qb3 Nb8 16. N1d2 Nd7 17. Rf1 Rd8 18. Kh2 Nhf6 19. d4 Kh8 
20. Rae1 d5 21. exd5 exd5 22. e4 dxe4 23. Nxe4 Nxe4 24. Rxe4 Qg6 25. Rfe1 exd4 
26. Rxd4 Nc5 27. Ne5 Qf6 28. Rxd8 Rxd8 29. Qc4 Kh7 30. b4 Re8 31. Qe2 Nxa4 
32. bxa5 bxa5 33. Qc2+ Kg8 34. Qa2+ Kh7 35. Qc2+ Kg8 36. Qb3+ Kh7 37. Qc2+ 
1/2-1/2

[Event "Wednesday Night Engine Tour 11 Rd Swiss 5m+1s Starts at 2200hrs ST"]
[Site "Infinity Chess"]
[Date "2018.4.4"]
[Round "8"]
[White "klasman"]
[Black "star99"]
[Result "1/2-1/2 "]
[ECO "C26"]
[WhiteElo "2455"]
[BlackElo "2477"]
[WhiteEngine "SugaR.XPrO.1.4.64.POCNT"]
[BlackEngine "Cryptic Heroes 9.3B"]
[EventType "Swiss"]
[WhiteTeam ""]
[BlackTeam ""]
[PlyCount "272"]
[TimeControl "300+1"]

1. e4 e5 2. Nc3 Nf6 3. g3 Bc5 4. Bg2 Nc6 5. Nge2 O-O 6. O-O a5 7. d3 d6 
8. h3 Rb8 9. Bd2 Nd4 10. a4 Re8 11. Kh2 b6 12. f4 h6 13. Nxd4 Bxd4 14. Rb1 c6 
15. Ne2 Bc5 16. Qe1 Ba6 17. Rd1 Rc8 18. Bc3 Nd7 19. Qd2 Qc7 20. Nc1 d5 
21. exd5 cxd5 22. Bxd5 Nf6 23. Bg2 exf4 24. Qxf4 Bd6 25. Qf3 Re6 26. Ne2 Bb7 
27. Qxb7 Rxe2 28. Qf3 Rce8 29. Bxf6 gxf6 30. Rf2 R2e3 31. Qg4+ Kf8 32. Kh1 Rxg3 
33. Qh5 Bf4 34. Rdf1 Qe5 35. Qd1 Bg5 36. c3 Qd6 37. Rf3 Rxf3 38. Rxf3 Re3 
39. Rxe3 Bxe3 40. d4 Qg3 41. Qf3 Qg5 42. Qf1 Bc1 43. Qf2 f5 44. Bf1 f4 
45. Qe2 Qd5+ 46. Bg2 Qe6 47. Qd1 Bxb2 48. Qd2 Ba3 49. Qxf4 Bd6 50. Qc1 Bb8 
51. Qf1 Bc7 52. c4 Qd6 53. Qg1 Qa3 54. Qd1 Qe3 55. Qf1 Qd2 56. Qa1 Qd3 
57. c5 bxc5 58. dxc5 Qg3 59. Qg1 Bb8 60. Bf1 Qf3+ 61. Bg2 Qc3 62. c6 Bc7 
63. Qd1 Qe3 64. Qa1 Qg3 65. Kg1 Bb6+ 66. Kh1 Bc7 67. Kg1 Qh2+ 68. Kf2 Qf4+ 
69. Kg1 Qe3+ 70. Kh1 Qd2 71. Qf6 Qc1+ 72. Qf1 Qg5 73. Qa1 Qf4 74. Kg1 Qd2 
75. Qf6 h5 76. Kh1 Kg8 77. Kg1 Qd1+ 78. Bf1 Bb6+ 79. Kh2 Qd2+ 80. Bg2 Qe3 
81. Qf1 Bc7+ 82. Kh1 Qg3 83. Qg1 Kf8 84. Bf1 Qc3 85. Bg2 Bd6 86. Qd1 Qe5 
87. Kg1 Qe3+ 88. Kh1 Bc7 89. Qa1 Qg3 90. Kg1 Bb6+ 91. Kh1 Bc7 92. Kg1 Qh2+ 
93. Kf1 Qf4+ 94. Kg1 Qh2+ 95. Kf1 Qf4+ 96. Kg1 Qe3+ 97. Kh1 Qd2 98. Qf6 Bd6 
99. Qf1 Be5 100. Qf5 Qc1+ 101. Qf1 Qd2 102. Qf5 Bd6 103. Qf1 h4 104. Qf6 Qc1+ 
105. Qf1 Qb2 106. Qd3 Qa1+ 107. Bf1 Qf6 108. Bg2 Qf4 109. Kg1 Kg7 110. Be4 Bc5+ 
111. Kh1 Bb6 112. Qc3+ f6 113. Qe1 Kh6 114. Bc2 Qf3+ 115. Kh2 Bc7+ 116. Kg1 Qxh3 
117. Qd2+ Kg7 118. Qd7+ Qxd7 119. cxd7 Kh6 120. Be4 Kh5 121. Kg2 Kg5 
122. Bd3 Bd8 123. Bc2 Bc7 124. Bb3 f5 125. Bc2 Kg6 126. Bb3 Kg5 127. Bd5 Kg4 
128. Bf3+ Kf4 129. Bc6 Bd8 130. Kh3 Be7 131. Bb5 Bg5 132. Kh2 Bf6 133. Bd3 Ke5 
134. Kh3 Kf4 135. Kh2 Ke5 136. Kg2 Ke6 1/2-1/2

[Event "Wednesday Night Engine Tour 11 Rd Swiss 5m+1s Starts at 2200hrs ST"]
[Site "Infinity Chess"]
[Date "2018.4.4"]
[Round "8"]
[White "MrScience"]
[Black "Murx"]
[Result "0-1"]
[ECO "E10"]
[WhiteElo "2489"]
[BlackElo "2495"]
[WhiteEngine "cfish"]
[BlackEngine "BrainFish_180329_x64_modern"]
[EventType "Swiss"]
[WhiteTeam ""]
[BlackTeam ""]
[PlyCount "192"]
[TimeControl "300+1"]

1. d4 Nf6 2. c4 e6 3. Nf3 d5 4. g3 Bb4+ 5. Bd2 Be7 6. Bg2 O-O 7. Qc2 c6 
8. O-O b6 9. Ne5 Ba6 10. Rd1 Qc8 11. Bg5 h6 12. Bxf6 Bxf6 13. Ng4 Be7 
14. cxd5 cxd5 15. Nc3 Bb7 16. e4 dxe4 17. Bxe4 Nc6 18. Ne5 Nxe5 19. dxe5 Rb8 
20. Qe2 Rd8 21. Rxd8+ Qxd8 22. Rd1 Qc7 23. Nb5 Ba6 24. Nxc7 Bxe2 25. Rd2 Bc4 
26. b3 Rd8 27. Rxd8+ Bxd8 28. Ne8 Bb5 29. Nd6 Bd7 30. f4 Bc7 31. Kf2 f6 
32. a4 Bxd6 33. exd6 Kf7 34. Bd3 Ke8 35. Bc4 Bc8 36. Bb5+ Kd8 37. Ke3 Bb7 
38. a5 bxa5 39. Kd4 Bd5 40. Ba4 Bf3 41. Bb5 Bd1 42. Kc3 Bh5 43. Kd4 Bf7 
44. Bc4 Kd7 45. Kc5 Bg6 46. Bb5+ Kd8 47. Kd4 Bc2 48. Ba4 Bg6 49. Bb5 Bh7 
50. Bc4 Kd7 51. Kc5 Bc2 52. Bb5+ Kc8 53. Ba4 Kd8 54. Kd4 Bf5 55. h4 Bg6 
56. Kc5 Bf7 57. Kd4 a6 58. d7 Kc7 59. Kd3 Bh5 60. Kc4 Bf3 61. Kd3 e5 
62. fxe5 fxe5 63. Kc4 Bg2 64. Kd3 Bd5 65. Ke3 Kd8 66. Kd3 Ke7 67. Ke3 Bg2 
68. Kd3 Bh3 69. d8=Q+ Kxd8 70. Ke4 Be6 71. Kxe5 Ke7 72. Kf4 Kd6 73. Ke3 Bd7 
74. Kd4 h5 75. Kc4 Bc6 76. Kd4 Bb5 77. Kc3 Kc5 78. Kd2 Bxa4 79. bxa4 Kb4 
80. Kd3 Kxa4 81. Kc3 Ka3 82. Kc4 a4 83. Kc3 Ka2 84. Kd4 Kb3 85. Ke4 a3 
86. Kf4 a2 87. g4 hxg4 88. h5 a1=Q 89. Kxg4 Qf6 90. Kg3 Kc4 91. h6 gxh6 
92. Kg4 Kd4 93. Kg3 Ke3 94. Kg4 Qg5+ 95. Kh3 Kf3 96. Kh2 Qg2# 0-1

[Event "Wednesday Night Engine Tour 11 Rd Swiss 5m+1s Starts at 2200hrs ST"]
[Site "Infinity Chess"]
[Date "2018.4.4"]
[Round "8"]
[White "ocirema"]
[Black "KULLANI"]
[Result "1/2-1/2 "]
[ECO "D02"]
[WhiteElo "2484"]
[BlackElo "2431"]
[WhiteEngine "asmFishW_2018-04-01_popcnt_CTG"]
[BlackEngine "BrainFish_180329_x64"]
[EventType "Swiss"]
[WhiteTeam ""]
[BlackTeam ""]
[PlyCount "341"]
[TimeControl "300+1"]

1. d4 d5 2. Nf3 Nf6 3. c4 e6 4. Nc3 c6 5. Bg5 h6 6. Bxf6 Qxf6 7. e3 Nd7 
8. Bd3 Qd8 9. O-O Be7 10. a3 dxc4 11. Bxc4 O-O 12. Qc2 b6 13. Rad1 Bb7 
14. Ba2 Rc8 15. Bb1 g6 16. e4 Qc7 17. Rfe1 Nf6 18. h4 h5 19. e5 Nd5 
20. Nxd5 cxd5 21. Qd2 Kg7 22. Ng5 Qd8 23. Qf4 Bc6 24. Rd3 Ba4 25. Qd2 Rc7 
26. Rg3 Bxg5 27. hxg5 Qc8 28. b3 Bb5 29. a4 Ba6 30. Rh3 Rg8 31. Qf4 Kf8 
32. Kh2 Ke8 33. b4 Bc4 34. a5 b5 35. Qf6 Qd8 36. Ree3 Bf1 37. Re1 Bc4 
38. Qxd8+ Kxd8 39. Rc3 Rh8 40. Kg3 Re8 41. Kf4 Kd7 42. Kg3 Rg8 43. f3 Rcc8 
44. f4 Rc6 45. Rh1 Rf8 46. Re1 Rfc8 47. Kf2 R6c7 48. Rh1 Ke7 49. Re1 Rh8 
50. Bd3 Rg8 51. Bb1 Rcc8 52. Rh1 Rh8 53. Kg3 Rhf8 54. Re3 Rc7 55. Rhe1 Rcc8 
56. Rc3 a6 57. Kh2 Rfe8 58. Kg3 Kd7 59. Rce3 Kc6 60. Rh1 Rg8 61. Rhe1 Kb7 
62. Kf3 Ka7 63. Rd1 Rh8 64. Kg3 Rcd8 65. Kf2 Rdf8 66. Rc1 Rfg8 67. Rcc3 Ka8 
68. Bd3 Rf8 69. Rc1 Rc8 70. Bb1 Kb7 71. Rce1 Rhg8 72. Kf3 Rgd8 73. Rh1 Rh8 
74. Rd1 Rce8 75. Rde1 Re7 76. Rd1 Rc8 77. Rd2 Bf1 78. Rd1 Bc4 79. Rh1 Ree8 
80. Kf2 Rh8 81. Rc3 Rhg8 82. Re3 Rgf8 83. Rc3 Kc7 84. Re3 Kd7 85. Rc3 Kc7 
86. Ke3 Kb8 87. Rcc1 Ka7 88. Kf3 Rg8 89. Rc2 Rh8 90. Ke3 Rhg8 91. Kf2 Kb7 
92. Ke3 Rcd8 93. Kd2 Rb8 94. Rcc1 Rgc8 95. Ke3 Bb3 96. Rc5 Rh8 97. g3 Bc4 
98. Rh2 Rbg8 99. Kf2 Rd8 100. Rh1 Rdg8 101. Kf3 Rc8 102. Rh2 Rcd8 103. Rh1 Rdg8 
104. Ke3 Rf8 105. Bc2 Rfg8 106. Bb1 Re8 107. Kf2 Rc8 108. Ke3 Rhf8 109. Kf2 Bb3 
110. Bd3 Rh8 111. Be2 Bc4 112. Bf3 Bb3 113. Be2 Bc4 114. Bd1 Ra8 115. Bc2 Rab8 
116. Rh4 Rbc8 117. Rh1 Rb8 118. Ke3 Ba2 119. Kf3 Rbc8 120. Bd3 Rcg8 121. Be2 Bc4 
122. Bd1 Bd3 123. Ke3 Be4 124. Rh2 Rc8 125. Bf3 Rxc5 126. dxc5 Bxf3 
127. Kxf3 Kc6 128. Rh1 Rg8 129. Rd1 Rd8 130. Rh1 Rc8 131. Ke3 Rh8 132. Kd4 Rg8 
133. Kc3 Rb8 134. Rh3 Ra8 135. Kd4 Rh8 136. Kd3 Rg8 137. Rh1 Rc8 138. Rh3 Rh8 
139. Kc3 Rb8 140. Rh1 Rd8 141. Kd4 Rh8 142. Rh4 Rc8 143. Rh1 Rd8 144. Kd3 Rh8 
145. Rh2 Rd8 146. Kc3 Rh8 147. Rh1 Rc8 148. Kc2 Rg8 149. Kd2 Rc8 150. Kc1 Rh8 
151. Rh2 Rb8 152. Kd2 Rh8 153. Kd1 Rd8 154. Kd2 Rc8 155. Kd3 Rb8 156. Ke2 Ra8 
157. Rh4 Rf8 158. Rh1 Rd8 159. Rh2 Ra8 160. Rh3 Rc8 161. Kd3 Rh8 162. Kd4 Rd8 
163. Ke3 Rb8 164. Rh2 Re8 165. Rh1 Rh8 166. Kf2 Rc8 167. Ra1 Rh8 168. Rh1 Rc8 
169. Kf3 Rh8 170. Rh3 Rc8 171. Ke3 1/2-1/2

[Event "Wednesday Night Engine Tour 11 Rd Swiss 5m+1s Starts at 2200hrs ST"]
[Site "Infinity Chess"]
[Date "2018.4.4"]
[Round "8"]
[White "KillBill2017"]
[Black "OlivierEvan"]
[Result "1-0"]
[ECO "B06"]
[WhiteElo "2503"]
[BlackElo "2479"]
[WhiteEngine "Raubfisch ME262_GTZ17_CTG"]
[BlackEngine "Houdini 6"]
[EventType "Swiss"]
[WhiteTeam ""]
[BlackTeam ""]
[PlyCount "141"]
[TimeControl "300+1"]

1. e4 g6 2. d4 Bg7 3. Nc3 d6 4. Be3 a6 5. Qd2 b5 6. f3 Nd7 7. O-O-O Bb7 8. h4 h5 
9. Nh3 e6 10. d5 exd5 11. Nxd5 Ngf6 12. Bg5 Bxd5 13. exd5 O-O 14. Nf2 Re8 
15. g4 Qb8 16. Kb1 Qa7 17. gxh5 Nxh5 18. Ng4 Ng3 19. Rh2 Nxf1 20. Rxf1 Qd4 
21. Qxd4 Bxd4 22. h5 Bg7 23. Rfh1 a5 24. Rg2 Nb6 25. a4 Nxd5 26. axb5 Re6 
27. c4 Nb6 28. h6 Bf8 29. f4 Kh7 30. Rf1 f5 31. Nf6+ Kh8 32. Nd5 Rc8 33. Rfg1 a4 
34. Bf6+ Kh7 35. Rxg6 Re1+ 36. Rxe1 Kxg6 37. Re6 Kh7 38. Nxb6 cxb6 39. Bg5 Rxc4 
40. Re8 Bxh6 41. Re7+ Bg7 42. Bf6 Kg6 43. Bxg7 Rc5 44. Bc3 Kh5 45. Ra7 Rxb5 
46. Rxa4 Rc5 47. Rd4 Rc6 48. Bb4 b5 49. Bxd6 Rc8 50. Be5 Rf8 51. Ka2 Rc8 
52. Kb3 Ra8 53. Kb4 Ra7 54. Kc5 b4 55. Kxb4 Ra8 56. Kb5 Rc8 57. b4 Kg4 
58. Rd3 Re8 59. Kc4 Rc8+ 60. Kb3 Rc1 61. b5 Rc5 62. Kb4 Rxe5 63. fxe5 f4 
64. e6 f3 65. Rd1 f2 66. e7 Kg3 67. e8=Q f1=Q 68. Rxf1 Kg2 69. Rf7 Kh3 
70. Qg8 Kh4 71. Rh7# 1-0

[Event "Wednesday Night Engine Tour 11 Rd Swiss 5m+1s Starts at 2200hrs ST"]
[Site "Infinity Chess"]
[Date "2018.4.4"]
[Round "8"]
[White "SkyPilot"]
[Black "MarioDeMonti"]
[Result "1/2-1/2"]
[ECO "C55"]
[WhiteElo "2510"]
[BlackElo "2535"]
[WhiteEngine "stockfish_x64_bmi2_2018_03_30_CTG"]
[BlackEngine "stockfish_x64_bmi2_2018_02_18_CTG"]
[EventType "Swiss"]
[WhiteTeam ""]
[BlackTeam ""]
[PlyCount "125"]
[TimeControl "300+1"]

1. e4 e5 2. Nf3 Nc6 3. Bc4 Nf6 4. d3 Bc5 5. c3 d6 6. O-O O-O 7. h3 a5 8. Nbd2 h6 
9. Re1 Be6 10. Bb5 Qb8 11. Nf1 Qa7 12. Qe2 a4 13. Ng3 Qb6 14. Bc4 Bxc4 
15. dxc4 Ne7 16. Nh4 Kh7 17. Nhf5 Nxf5 18. Nxf5 Ng8 19. Be3 g6 20. Bxc5 Qxc5 
21. Ne3 Nf6 22. f3 Kg7 23. Kh2 Ra7 24. Red1 Rb8 25. Nd5 Nxd5 26. cxd5 Rf8 
27. Rf1 Raa8 28. f4 exf4 29. Rxf4 Rae8 30. Qd3 f5 31. exf5 Re3 32. Qf1 Qxd5 
33. f6+ Kf7 34. Rd1 Qe6 35. Rxa4 Re2 36. Qf3 Qe5+ 37. Kh1 Re1+ 38. Rxe1 Qxe1+ 
39. Kh2 Qe5+ 40. Qg3 Ke6 41. Ra7 Qe4 42. a4 Kd7 43. Qf2 Qe5+ 44. Qg3 b6 
45. a5 Qxg3+ 46. Kxg3 bxa5 47. Rxa5 Rxf6 48. Ra8 c5 49. b4 cxb4 50. cxb4 Kc6 
51. Ra7 g5 52. Ra8 Kb5 53. Rb8+ Kc6 54. b5+ Kc7 55. Ra8 Kb6 56. Rb8+ Kc7 
57. Ra8 Rf4 58. Ra7+ Kb6 59. Ra6+ Kc7 60. Ra7+ Kb6 61. Ra6+ Kc7 62. Ra5 Kb6 
63. Ra6+ 1/2-1/2